 Dungeon Crawl Stone Soup version 0.26-b1-32-g5d43845318 (webtiles) character file.

Game seed: 1979780717633278307

105 Borgoz the Skirmisher (level 4, -8/40 HPs)
             Began as a Ghoul Monk on Jan 13, 2021.
             Killed from afar by an orc wizard (12 damage)
             ... with a puff of flame
             ... on level 3 of the Dungeon.
             The game lasted 00:03:15 (2800 turns).

Borgoz the Skirmisher (Ghoul Monk)                  Turns: 2800, Time: 00:03:16

Health: -8/40      AC: 10    Str: 15    XL:     4   Next: 83%
Magic:  3/3        EV: 12    Int:  5    God:
Gold:   134        SH:  0    Dex: 11    Spells: 3/3 levels left

rFire    . . .     SeeInvis .   a - +0 falchion
rCold    + . .     Faith    .   (no shield)
rNeg     + + +     Spirit   .   e - +3 ring mail
rPois    ∞         Reflect  .   h - +1 helmet
rElec    .         Harm     .   (no cloak)
rCorr    +         Rampage  .   (no gloves)
Will     .....                  (no boots)
Stlth    +.........             (no amulet)
HPRegen  0.00/turn              c - ring of resist corrosion
MPRegen  0.08/turn              (no ring)

@: no status effects
A: claws 1, cold resistance 1, negative energy resistance 3, inhibited
regeneration, torment resistance, unbreathing
a: no special abilities


You were on level 3 of the Dungeon.
You visited 1 branch of the dungeon, and saw 3 of its levels.

You collected 134 gold pieces.

Inventory:

Hand Weapons
 a - a +0 falchion (weapon)
Armour
 e - a +3 ring mail (worn)
 h - a +1 helmet (worn)
Jewellery
 c - a ring of resist corrosion (left claw)
Scrolls
 d - a scroll of teleportation
 g - a scroll of blinking
 i - a scroll of magic mapping
 k - 3 scrolls of remove curse


   Skills:
 + Level 3.7 Fighting
 * Level 3.4 Long Blades
 * Level 1.8 Armour
 * Level 3.5 Dodging
 - Level 2.1 Stealth


You had 3 spell levels left.
You didn't know any spells.
Your spell library was empty.

Dungeon Overview and Level Annotations

Branches:
Dungeon (3/15)

Altars:
Gozag


Innate Abilities, Weirdness & Mutations

You thrive by killing the living.
You are immune to poison.
You have sharp fingernails.
Your flesh is cold resistant. (rC+)
You are immune to negative energy. (rN+++)
You do not regenerate when monsters are visible.
You are immune to unholy pain and torment.
You can survive without breathing.


Message History

* * * LOW HITPOINT WARNING * * *
You miss something. Something hits you but does no damage.
You barely miss something. Something hits you but does no damage.
You completely miss something. Something hits you.
* * * LOW HITPOINT WARNING * * *
You hear some strange, mumbled words.
A puff of flame appears from out of thin air!
The puff of flame hits you.
* * * LOW HITPOINT WARNING * * *
A magic dart appears from out of thin air!
The magic dart hits you but does no damage.
A puff of flame appears from out of thin air!
The puff of flame hits you.
* * * LOW HITPOINT WARNING * * *
A magic dart appears from out of thin air!
The magic dart hits you.
* * * LOW HITPOINT WARNING * * *
The orc wizard points at you and mumbles some strange words.
The puff of flame hits you!
You die...

### ######### ##.##
.o{.....###.#.## ######
#######.##.###.######....#####
#.#.## ##.@.<...[..)÷..####
#.##.###.####.##(..###.#...
#.....#.........#.)# #.#.##
#####.o#####..#.#.####.#... #
#..##................(. #
#)......>...........#.# .
#.)##............#.##(# ..
####).##...............#.# ..#
#....†##.)..........#..#.#


You could see an orc wizard.

Vanquished Creatures
  Robin (D:3)
  An adder (D:3)
  2 oozes
  2 worms (D:3)
  A dart slug (D:1)
  A leopard gecko (D:1)
  4 orcs (D:3)
  6 bats
  2 giant cockroaches (D:1)
  9 goblins
  8 hobgoblins
  3 jackals (D:2)
  3 quokkas
  5 frilled lizards
  7 kobolds
  7 rats
62 creatures vanquished.

Notes
Turn   | Place    | Note
-------+----------+-------------------------------------------
     0 | D:1      | Borgoz the Ghoul Monk began the quest for the Orb.
     0 | D:1      | Reached XP level 1. HP: 19/19 MP: 0/0
   149 | D:1      | Reached XP level 2. HP: 26/26 MP: 1/1
   541 | D:2      | Reached skill level 1 in Armour
   751 | D:2      | Reached XP level 3. HP: 30/31 MP: 2/2
  1874 | D:3      | Reached XP level 4. HP: 10/39 MP: 3/3
  2461 | D:3      | Found an opulent altar of Gozag.
  2622 | D:3      | Noticed Robin
  2636 | D:3      | Killed Robin
  2787 | D:3      | HP: 2/40 [something/magic dart (2)]
  2800 | D:3      | Killed from afar by an orc wizard

Illustrated notes

Levels and vault maps discovered:
D:1:      eino_arrival_druids_welcome, layout_rooms
D:2:      layout_loops_cross, minmay_stone_trees_small
D:3:      layout_loops_ring, grunt_gozag_breadcrumbs, uniq_robin

Skill      XL: |  1  2 |
---------------+-------+-----
Dodging        | 3 |  3.5
Armour         | 1 |  1.8
Long Blades    | 3 |  3.4
Fighting       | |  3.7
Stealth        | |  2.1

Action                   |  1- 3 |  4- 6 || total
-------------------------+-------+-------++-------
Melee: Falchion          |   137 |    80 ||   217
  Use: Scroll            |     2 |     4 ||     6
       Potion            |     1 |     1 ||     2
 Stab: Sleeping          |     3 |       ||     3
Armor: Robe              |     7 |       ||     7
       Leather armour    |    12 |       ||    12
       Ring mail         |       |    40 ||    40
Dodge: Dodged            |    94 |    62 ||   156
       Rpst.: Falchion   |    32 |    27 ||    59
